AoeStats
← 明

Arabian Desert

510083460Analyzed
1v1 RM · 2d ago on Sep 29, 2026· 49m 6s· 2 players
Game mode
Random Map
Map size
Tiny (2 player)
Population
200
Speed
Normal
Resources
Standard
Victory
Conquest
Starting age
Dark Age
Ending age
Imperial Age
RankedLock teamsTeams togetherTeam positionsShared explorationLock speedFull tech treeHidden civsTurbo modeCheats
Victory
Defeat
🇨🇳 Franks · China
726
+21
🇹🇷 Goths · Türkiye
695
-15
elfce
0:39 Loom
12:10 Feudal Age
21:35 Wheelbarrow
23:51 Castle Age
21:45 Double-Bit Axe
22:06 Horse Collar
23:15 Gold Mining
23:15 Stone Mining
23:36 Scale Mail Armor
41:01 Forging
41:07 Pikeman
46:20 Imperial Age
45:21 Hand Cart
48:53 Ballistics
明
10:39 Feudal Age
11:48 Double-Bit Axe
15:04 Gold Mining
18:12 Forging
18:07 Scale Barding Armor
18:02 Loom
20:38 Castle Age
19:14 Stone Mining
21:27 Husbandry
23:14 Bow Saw
23:53 Wheelbarrow
23:04 Town Watch
29:10 Gold Shaft Mining
29:35 Iron Casting
29:21 Chain Barding Armor
37:07 Imperial Age
34:56 Hand Cart
34:42 Town Patrol
37:37 Heavy Scorpion
37:55 Cavalier
39:02 Herbal Medicine
39:44 Chivalry
41:47 Blast Furnace
41:22 Plate Barding Armor
40:12 Paladin
42:36 Conscription
41:42 Ordonnance Companies
44:50 Chemistry
45:12 Siege Engineers
44:53 Treadmill Crane
Connection lost

Rejoining the realm…

Still unreachable

The connection could not be restored.

Session expired

The server has moved on; the page needs a fresh start.